 Dungeon Crawl Stone Soup version 0.31-a0-692-gf03d1854d5 (webtiles) character file.

Game seed: 723105693080838942

88 qw the Shooter (level 4, -1/28 HPs)
             Began as a Gargoyle Hunter on Sept 6, 2023.
             Slain by an orc
             ... wielding a +0 club
              (2 damage)
             ... on level 3 of the Dungeon.
             The game lasted 00:00:43 (1709 turns).

qw the Shooter (Gargoyle Hunter)                    Turns: 1709, Time: 00:00:44

Health: -1/28      AC:  8    Str: 15    XL:     4   Next: 54%
Magic:  4/4        EV: 11    Int:  9    God:
Gold:   70         SH:  0    Dex: 15    Spells: 3/3 levels left

rFire   . . .        Y - +0 shortbow
rCold   . . .        (shield currently unavailable)
rNeg    + . .        e - +0 ring mail
rPois   inf          (no helmet)
rElec   +            (no cloak)
rCorr   .            (no gloves)
SInv    .            (no boots)
Will    .....        h - amulet of the acrobat
Stlth   +            (no ring)
HPRegen 0.24/turn    (no ring)
MPRegen 0.09/turn

%: acrobat
@: no status effects
A: sickness immunity, AC +3, negative energy resistance 1, electricity
resistance, torment resistance 1, petrification resistance
a: no special abilities


You were on level 3 of the Dungeon.
You visited 1 branch of the dungeon, and saw 3 of its levels.

You collected 70 gold pieces.


Innate Abilities, Weirdness & Mutations

You are immune to sickness and miasma.
Your stone body is resilient. (AC +3)
You are immune to poison.
You resist negative energy. (rN+)
You are resistant to electric shocks. (rElec)
You are resistant to unholy torment.
You are immune to petrification.


   Skills:
 - Level 3.0 Fighting
 + Level 5.2 Ranged Weapons
 - Level 1.2 Armour
 - Level 1.5 Dodging
 - Level 1.1 Stealth


You had 3 spell levels left.
You didn't know any spells.
Your spell library was empty.

Inventory:

Hand Weapons
 Y - a +0 shortbow (weapon)
Armour
 e - a +0 ring mail (worn)
Jewellery
 h - an amulet of the acrobat (around neck)
Potions
 a - a potion of berserk rage {unknown}
 f - a potion of heal wounds {unknown}

Dungeon Overview and Level Annotations

Branches:
Dungeon (3/15)

Altars:
Gozag


Message History

The orc priest is heavily wounded.
The orc hits you but does no damage. The orc hits you with a +0 club.
The orc priest looks braver for a moment.
You shoot an arrow.
The arrow hits the orc but does no damage.
The orc is lightly wounded.
The orc barely misses you.
The orc priest calls upon Beogh to heal the orc.
The orc's wounds heal themselves!
You shoot an arrow. The arrow closely misses the orc.
The arrow hits the orc priest.
The orc priest is severely wounded.
The orc hits you but does no damage.
You shoot an arrow. The arrow barely misses the orc.
The arrow hits the orc priest but does no damage.
The orc priest is severely wounded.
The orc hits you with a +0 club.
You shoot an arrow.
The arrow hits the orc but does no damage.
The orc completely misses you. The orc hits you with a +0 club.
The orc priest casts a cantrip, but nothing happens.
You shoot an arrow.
The arrow hits the orc but does no damage.
The orc hits you but does no damage.
You shoot an arrow. The arrow hits the orc!
You kill the orc!
You shoot an arrow. The arrow hits the ball python!
You kill the ball python!
You shoot an arrow. The arrow hits the orc.
The orc is heavily wounded.
The orc priest calls upon Beogh to heal the orc.
The orc's wounds heal themselves!
The orc hits you but does no damage. x2
You shoot an arrow. The arrow hits the orc!
You kill the orc!
The orc priest calls down the wrath of Beogh upon you.
Pain shoots through your body!
You shoot an arrow.
The arrow hits the orc but does no damage.
The orc hits you with a +0 club.
You die...

..) #####.#.#. ... ##
#.)....... ...# #.###.#.#.
...#.########.##..#...
#....%....#.##.#####
##########.###'###.#.........
........##.# #.# #.#.########
........#..###.###.....#
..........oo@._###.#...#
...........###.###.#...#
.....%..##.# #.# #.#...#
#####+#<...###'###.#...#
####.....%...#...#
..###.oo##......# # #.#
###'##...#### #. #.#
##...%...# #.. #.# #......###


You could see an orc priest and an orc.

Vanquished Creatures
  3 adders
  3 worms (D:2)
  A dart slug (D:2)
  2 orcs (D:3)
  4 ball pythons
  6 endoplasms
  3 giant cockroaches
  9 hobgoblins
  A quokka (D:2)
  A bat (D:1)
  4 frilled lizards
  6 goblins
  3 rats
46 creatures vanquished.

Notes
Turn   | Place    | Note
-------+----------+-------------------------------------------
     0 | D:1      | qw the Gargoyle Hunter began the quest for the Orb.
     0 | D:1      | Reached XP level 1. HP: 12/12 MP: 1/1
     0 | D:1      | 0 ||| qw: Version: 0.3-a-76-g4403597
     0 | D:1      | 0 ||| qw: Game counter: 101
     0 | D:1      | 0 ||| qw: Melee chars always use a shield: true
     0 | D:1      | 0 ||| qw: God list: Okawaru
     0 | D:1      | 0 ||| qw: Allow faded altars: false
     0 | D:1      | 0 ||| qw: Do Orc after clearing Dungeon:15 true
     0 | D:1      | 0 ||| qw: Do second Lair branch before Depths: true
     0 | D:1      | 0 ||| qw: Lair rune preference: random
     0 | D:1      | 0 ||| qw: Goals: Normal
     0 | D:1      | 0 ||| PLANNING D:1-11
   156 | D:1      | Reached XP level 2. HP: 17/17 MP: 2/2
   786 | D:1      | 786 ||| UPGRADING to +0 ring mail.
   796 | D:1      | 796 ||| DROPPING +0 leather armour.
   797 | D:1      | 797 ||| UPGRADING to amulet of the acrobat.
   802 | D:1      | 802 ||| READING scroll labelled VAEPPUNNEI.
   803 | D:1      | 803 ||| READING scroll labelled BADDUCKA KA ZUOCS.
   804 | D:1      | 804 ||| DROPPING scroll of butterflies.
   991 | D:2      | Reached skill level 1 in Armour
   991 | D:2      | Reached XP level 3. HP: 15/21 MP: 3/3
  1125 | D:2      | 1125 ||| FLEEEEING.
  1126 | D:2      | 1126 ||| FLEEEEING.
  1127 | D:2      | 1127 ||| FLEEEEING.
  1128 | D:2      | 1128 ||| FLEEEEING.
  1129 | D:2      | 1129 ||| FLEEEEING.
  1130 | D:2      | 1130 ||| FLEEEEING.
  1131 | D:2      | 1131 ||| FLEEEEING.
  1240 | D:2      | Reached skill level 5 in Ranged Weapons
  1487 | D:2      | Reached XP level 4. HP: 27/27 MP: 4/4
  1565 | D:2      | 1565 ||| READING scroll labelled DEXZYBU XEAJEO.
  1597 | D:3      | Found an opulent altar of Gozag.
  1615 | D:3      | Reached skill level 3 in Fighting
  1663 | D:3      | 1663 ||| FLEEEEING.
  1666 | D:3      | 1666 ||| FLEEEEING.
  1667 | D:3      | 1667 ||| FLEEEEING.
  1672 | D:3      | 1672 ||| FLEEEEING.
  1673 | D:3      | 1673 ||| FLEEEEING.
  1674 | D:3      | 1674 ||| FLEEEEING.
  1675 | D:3      | 1675 ||| FLEEEEING.
  1679 | D:3      | 1679 ||| FLEEEEING.
  1680 | D:3      | 1680 ||| FLEEEEING.
  1681 | D:3      | 1681 ||| FLEEEEING.
  1683 | D:3      | 1683 ||| Stepping ~*~*~tactically~*~*~ (retreating).
  1684 | D:3      | 1684 ||| Stepping ~*~*~tactically~*~*~ (retreating).
  1689 | D:3      | 1689 ||| Stepping ~*~*~tactically~*~*~ (retreating).
  1691 | D:3      | 1691 ||| Stepping ~*~*~tactically~*~*~ (retreating).
  1692 | D:3      | 1692 ||| Stepping ~*~*~tactically~*~*~ (retreating).
  1693 | D:3      | 1693 ||| Stepping ~*~*~tactically~*~*~ (retreating).
  1694 | D:3      | 1694 ||| Stepping ~*~*~tactically~*~*~ (retreating).
  1699 | D:3      | HP: 7/28 [orc/+0 club (3)]
  1703 | D:3      | HP: 3/28 [orc/+0 club (3)]
  1708 | D:3      | HP: 1/28 [orc priest/nerve-wracking pain (4)]
  1709 | D:3      | Slain by an orc

Levels and vault maps discovered:
D:1:      evilmike_arrival_crescent, layout_basic, minmay_liquid_box,
          minmay_cupped
D:2:      layout_loops_ring, minmay_domino_2
D:3:      layout_basic, lemuel_doored_altar

Skill      XL: |  1  2  3  4 |
---------------+-------------+-----
Armour         | 1 |  1.2
Ranged Weapons | 5 |  5.2
Fighting       | 3 |  3.0
Dodging        | |  1.5
Stealth        | |  1.1

Action                     |  1- 3 |  4- 6 || total
---------------------------+-------+-------++-------
   Fire: Shortbow          |   122 |    49 ||   171
    Use: Scroll            |     2 |     1 ||     3
 Armour: Ring mail         |    32 |    32 ||    64
         Leather armour    |     2 |       ||     2
  Dodge: Dodged            |    27 |    29 ||    56

Table legend:
 A = Non-vault XP
 B = Vault XP
 C = Vault XP percentage of total XP
 D = Non-vault monster count
 E = Vault monster count
 F = Vault count percentage of total count
                 A         B        C        D         E       F
            +---------+---------+-------+---------+---------+-------
      Total |     120 |       7 |   5.5 |      42 |       4 |   8.7
            +---------+---------+-------+---------+---------+-------
        D:1 |      20 |       5 |  20.0 |      12 |       3 |  20.0
        D:2 |      58 |       2 |   3.3 |      19 |       1 |   5.0
        D:3 |      42 |       0 |   0.0 |      11 |       0 |   0.0
            +---------+---------+-------+---------+---------+-------
